 Dungeon Crawl Stone Soup version 0.30-a0-311-gf115ab0292 (webtiles) character file.

Game seed: 2742366667856143566

794 Harunobu the Trooper (level 7, -4/54 (64) HPs)
             Began as a Minotaur Monk on Oct 25, 2022.
             Was a Believer of Okawaru.
             Slain by a wight
             ... wielding a +4 great sword
              (11 damage)
             ... on level 5 of the Dungeon.
             The game lasted 00:07:50 (5819 turns).

Harunobu the Trooper (Minotaur Monk)                Turns: 5819, Time: 00:07:51

HP:   -4/54 (64)    AC:  8    Str: 17    XL:     7   Next: 58%
MP:   6/6           EV:  8    Int:  7    God:    Okawaru [**....]
Gold: 246           SH:  0    Dex: 13    Spells: 6/6 levels left

rFire   . . .      SeeInvis .    j - +0 whip
rCold   . . .      Faith    .    (no shield)
rNeg    . . .      Spirit   .    r - +0 chain mail
rPois   .          Reflect  .    (helmet restricted)
rElec   .          Harm     .    (no cloak)
rCorr   .          Rampage  .    (no gloves)
Will    .....                    (no boots)
Stlth   ..........               (no amulet)
HPRegen 0.29/turn                (no ring)
MPRegen 0.10/turn                (no ring)

@: mighty, heavily drained
A: horns 2, retaliatory headbutt
a: Renounce Religion, Heroism


You were on level 5 of the Dungeon.
You worshipped Okawaru.
Okawaru was pleased with you.
You visited 2 branches of the dungeon, and saw 7 of its levels.

You collected 246 gold pieces.

Inventory:

Hand Weapons
 a - a +0 mace
 j - a +0 whip (weapon)
Missiles
 w - a throwing net (quivered)
Armour
 b - a +0 robe
 e - a +0 cloak
 k - a scarf of harm
 r - a +0 chain mail (worn)
Wands
 u - a wand of digging (10)
Scrolls
 f - 5 scrolls of identify {unknown}
 i - 2 scrolls of poison {unknown}
 n - 2 scrolls of magic mapping {unknown}
 o - 3 scrolls of noise {unknown}
 s - 4 scrolls of teleportation {unknown}
 t - a scroll of enchant armour {unknown}
 v - 2 scrolls of vulnerability {unknown}
 y - a scroll of blinking {unknown}
 A - a scroll of enchant weapon {unknown}
 B - a scroll of amnesia {unknown}
Potions
 c - 2 potions of ambrosia
 g - 3 potions of attraction {unknown}
 h - 3 potions of curing {unknown}
 l - 3 potions of brilliance {unknown}
 m - a potion of lignification {unknown}
 q - 2 potions of flight {unknown}
 x - a potion of mutation {unknown}
 z - a potion of invisibility {unknown}


   Skills:
 + Level 6.9 Fighting
 - Level 3.6 Maces & Flails
 + Level 6.3 Dodging
 + Level 4.7 Stealth


You had 6 spell levels left.
You didn't know any spells.
Your spell library contained the following spells:

 Spells                   Type           Power      Damage    Failure   Level
 Magic Dart               Conj           0%         1d3       100%        1
 Searing Ray              Conj           0%         2d4       100%        2
 Static Discharge         Conj/Air       0%         2-2/arc   100%        2
 Inner Flame              Hex/Fire       0%         N/A       100%        3
 Mephitic Cloud           Conj/Pois/Air  0%         N/A       100%        3
 Vhi's Electric Charge    Tloc/Air       0%         N/A       100%        3
 Cause Fear               Hex            0%         N/A       100%        4
 Fulminant Prism          Conj/Hex       0%         3d6       100%        4
 Arcjolt                  Conj/Air       0%         1d10      100%        5
 Lightning Bolt           Conj/Air       0%         1d11      100%        5
 Discord                  Hex            0%         N/A       100%        8
 Call Imp                 Summ           Unusable   N/A       N/A         2
 Call Canine Familiar     Summ           Unusable   N/A       N/A         3
 Dragon's Call            Summ           Unusable   N/A       N/A         9

Dungeon Overview and Level Annotations

Branches:
Dungeon (6/15)             Temple (1/1) D:5

Altars:
Ashenzari
Dithmenos
Fedhas
Gozag
Hepliaklqana
Kikubaaqudgha
Nemelex Xobeh
Okawaru
Ru
Sif Muna
Trog
Xom
Yredelemnul
The Shining One

Shops:
D:1 (   D:2 *   D:5 (

Annotations:
D:5 3 runed translucent doors, decrepitue's ghost, novice OpTm


Innate Abilities, Weirdness & Mutations

You have a pair of horns on your head.
You reflexively headbutt those who attack you in melee.


Message History

You headbutt the gnoll, but do no damage.
You closely miss the wight. You hit the wight but do no damage.
The gnoll barely misses you.
The wight hits you with a +4 great sword.
You feel drained.
You closely miss the wight. The gnoll closely misses you.
The wight hits you but does no damage.
You hit the wight but do no damage. The gnoll hits you with a +0 halberd.
The wight hits you with a +4 great sword!
* * * LOW HITPOINT WARNING * * *
You feel much better. The wight barely misses you. You furiously retaliate!
You headbutt the wight, but do no damage.
The gnoll hits you with a +0 halberd.
You hit the wight but do no damage. You punch the wight, but do no damage.
The wight hits you but does no damage. The gnoll hits you but does no damage.
You closely miss the wight.
The wight hits you with a +4 great sword!
You feel drained. The gnoll hits you with a +0 halberd.
You closely miss the wight.
The wight hits you with a +4 great sword.
* * * LOW HITPOINT WARNING * * *
The gnoll hits you with a +0 halberd.
* * * LOW HITPOINT WARNING * * *
You feel much better.
The wight hits you with a +4 great sword!
You feel drained. The gnoll hits you with a +0 halberd.
You hit the gnoll.
The gnoll is heavily wounded.
The wight hits you with a +4 great sword!!
* * * LOW HITPOINT WARNING * * *
You feel drained.
* * * LOW HITPOINT WARNING * * *
The gnoll barely misses you.
You feel much better.
The wight hits you with a +4 great sword!!
* * * LOW HITPOINT WARNING * * *
The gnoll closely misses you. You furiously retaliate!
You headbutt the gnoll.
You feel very mighty all of a sudden.
The wight hits you with a +4 great sword!
You die...

######### #........
##############.#######
############...z@g...........#
.............############....#
.############# ### #(....### .#
###.#######)......##
.#############......))))........#
....................###.#....#..#
#...................##.......#..#
#.####...###+++###..#......###..#
#.# #...#....OOW#.........###...


You could see a wight and a gnoll.

Vanquished Creatures
  2 ice beasts
  Blork the orc (D:5)
  A scorpion (D:5)
  A gnoll bouda (D:5)
  3 hounds
  A jelly (D:5)
  An iguana (D:4)
  An orc wizard (D:5)
  14 gnolls
  7 adders
  A dart slug (D:4)
  4 orcs
  5 ball pythons
  4 endoplasms
  6 giant cockroaches
  3 goblins
  11 hobgoblins
  11 jackals
  6 quokkas
  3 bats
  2 frilled lizards
  11 kobolds
  6 rats
105 creatures vanquished.

Vanquished Creatures (others)
  2 plants (D:1)
2 creatures vanquished.

Grand Total: 107 creatures vanquished

Notes
Turn   | Place    | Note
-------+----------+-------------------------------------------
     0 | D:1      | Harunobu the Minotaur Monk began the quest for the Orb.
     0 | D:1      | Reached XP level 1. HP: 19/19 MP: 0/0
     4 | D:1      | Found Yniogebb's Weapon Emporium.
   231 | D:1      | Reached XP level 2. HP: 26/27 MP: 1/1
   755 | D:1      | Reached XP level 3. HP: 28/33 MP: 2/2
  1031 | D:2      | Got the Catalogue of the Congregation
  1225 | D:2      | Found Naf Gute's Assorted Antiques.
  1754 | D:3      | Reached XP level 4. HP: 33/41 MP: 3/3
  2637 | D:3      | Reached XP level 5. HP: 47/47 MP: 4/4
  2845 | D:4      | Found a sparkling altar of Nemelex Xobeh.
  2870 | D:4      | Found an iron altar of Okawaru.
  2894 | D:4      | Reached skill level 5 in Fighting
  3607 | D:4      | Reached skill level 5 in Dodging
  3662 | D:4      | Reached XP level 6. HP: 43/56 MP: 5/5
  3842 | D:4      | Found a sacrificial altar of Ru.
  4054 | D:5      | Entered Level 5 of the Dungeon
  4054 | D:5      | Found Fakaomod's Weapon Boutique.
  4112 | D:5      | Found a staircase to the Ecumenical Temple.
  4121 | Temple   | Entered the Ecumenical Temple
  4379 | D:4      | Became a worshipper of Warmaster Okawaru
  4379 | D:4      | Reached * piety under Okawaru
  4379 | D:4      | Reached ** piety under Okawaru
  4413 | D:5      | Noticed an ice beast
  4445 | D:5      | Killed an ice beast
  4811 | D:5      | Noticed an ice beast
  4860 | D:4      | Killed an ice beast
  4861 | D:4      | Reached XP level 7. HP: 50/63 MP: 6/6
  5239 | D:5      | Noticed Blork the orc
  5250 | D:5      | Killed Blork the orc
  5255 | D:5      | Found a runed translucent gate.
  5256 | D:5      | Found a runed translucent gate.
  5580 | D:5      | Noticed decrepitue's ghost (novice OpTm)
  5582 | D:5      | Found a runed translucent gate.
  5582 | D:5      | Noticed a wraith
  5817 | D:5      | HP: 2/56 [wight/+4 great sword (19)]
  5819 | D:5      | Slain by a wight

Illustrated notes

Levels and vault maps discovered:
D:1:      dpeg_arrival_tiny_d, layout_rooms, serial_shops, shop,
          nrook_mini_backslash, serial_bayou_lagoon_a
D:2:      layout_basic, serial_shops, nicolae_shop_hallway_stairs
D:3:      layout_loops_cross
D:4:      layout_loops_ring, general_overflow_altar, okawaru_trees_2,
          kennysheep_mini, kennysheep_opposing_triangles
D:5:      layout_loops_ring, minmay_temple_entry_purple_smoke, serial_shops,
          nicolae_shop_temple_entry_statues_fountains, gammafunk_ghost_split,
          uniq_blork_the_orc
D:6:      layout_cave_pools, nicolae_wu_jian_glorious_leap, serial_shops,
          nicolae_shop_hallway_stairs, dreamdust_gnoll_farm, uniq_edmund
Temple:   minmay_temple_curvy_loop

Skill      XL: |  1  2  3  4  5  6  7 |
---------------+----------------------+-----
Stealth        | 2 3 4 |  4.7
Fighting       | 4 5 6 |  6.9
Dodging        | 4 5 6 |  6.3
Maces & Flails | |  3.6

Action                   |  1- 3 |  4- 6 |  7- 9 || total
-------------------------+-------+-------+-------++-------
Melee: Mace              |    19 |       |       ||    19
       Headbutt          |    14 |    33 |    17 ||    64
       Whip              |    71 |   207 |    72 ||   350
       Punch             |       |     3 |     3 ||     6
  Use: Potion            |       |     1 |     6 ||     7
 Stab: Sleeping          |     3 |       |       ||     3
Armor: Robe              |    14 |       |       ||    14
       Chain mail        |       |   128 |    21 ||   149
Dodge: Dodged            |    65 |    93 |    26 ||   184

Table legend: (Time is in decaauts)
 A = Elapsed time spent in this place.
 B = Non-inter-level travel time spent in this place.
 C = Inter-level travel time spent in this place.
 D = Time resting spent in this place.
 E = Time spent auto-exploring this place.
 F = Levels seen in this place.
 G = Mean time per level.
                   A        B        C        D        E       F      G
               +--------+--------+--------+--------+--------+-----+--------+
         Total |   5798 |   5569 |    229 |   1726 |   2775 |   7 |  828.3 |
       Dungeon |   5573 |   5368 |    205 |   1726 |   2580 |   6 |  928.8 |
        Temple |    224 |    200 |     24 |      0 |    195 |   1 |  224.0 |
               +--------+--------+--------+--------+--------+-----+--------+

Top non-repeatable levels by time:
     D:4: 1493 daAuts
     D:5: 1283 daAuts
     D:1: 1027 daAuts
     D:3: 933 daAuts
     D:2: 828 daAuts
  Temple: 224 daAuts
     D:6: 7 daAuts
